 Dungeon Crawl Stone Soup version 0.23.2-33-g5129a83184 (webtiles) character file.

Game seed: 3649724409207686868

203 AarnesTheHuman the Covered (level 5, -1/43 HPs)
             Began as a Barachi Fighter on Aug 7, 2019.
             Slain by a bullfrog (6 damage)
             ... on level 3 of the Dungeon.
             The game lasted 00:02:43 (1768 turns).

AarnesTheHuman the Covered (Barachi Fighter)        Turns: 1768, Time: 00:02:43

Health: -1/43      AC:  7    Str: 18    XL:     5   Next: 81%
Magic:  5/5        EV:  7    Int:  9    God:
Gold:   75         SH:  9    Dex: 11    Spells: 4/4 levels left

rFire    . . .     SeeInvis .   a - +0 long sword
rCold    . . .     Gourm    .   c - +0 shield
rNeg     . . .     Faith    .   b - +0 scale mail
rPois    .         Spirit   .   (no helmet)
rElec    .         Reflect  .   (no cloak)
rCorr    .         Harm     .   (no gloves)
MR       .....                  (no boots)
Stlth    ..........             (no amulet)
HPRegen  0.14/turn              (no ring)
MPRegen  0.09/turn              (no ring)

@: slow
A: +LOS, swims, slowness 1, strong legs 1
a: Hop


You were on level 3 of the Dungeon.
You were not hungry.

You visited 1 branch of the dungeon, and saw 3 of its levels.

You collected 75 gold pieces.

Inventory:

Hand Weapons
 a - a +0 long sword (weapon)
Armour
 b - a +0 scale mail (worn)
 c - a +0 shield (worn)
Scrolls
 e - 5 scrolls of teleportation {unknown}
 g - a scroll of fear {unknown}
 k - 5 scrolls of identify {unknown}
 l - a scroll of immolation {unknown}
 m - a scroll of magic mapping {unknown}
 n - a scroll of remove curse {unknown}
Potions
 h - a potion of ambrosia {unknown}
 i - 3 potions of curing {unknown}
 j - a potion of heal wounds {unknown}
Comestibles
 d - 3 chunks of flesh
 f - 5 rations


   Skills:
 + Level 4.8 Fighting
 + Level 4.1 Long Blades
 + Level 4.9 Armour
 + Level 4.4 Shields


You had 4 spell levels left.
You didn't know any spells.
Your spell library was empty.

Dungeon Overview and Level Annotations

Branches:
Dungeon (3/15)

Altars:
Okawaru
Qazlal
Zin


Innate Abilities, Weirdness & Mutations

Shadows flee at your approach. (+LOS)
You can swim through water.
You cover ground slowly.
You can hop short distances.


Message History

The bullfrog hits you. You block the bullfrog's attack.
You hit the bullfrog.
The bullfrog is moderately wounded.
You feel sick. The bullfrog hits you. The bullfrog completely misses you.
You riposte.
You slash the bullfrog!
The bullfrog is severely wounded.
You hit the bullfrog.
The bullfrog is almost dead.
The bullfrog completely misses you. The bullfrog hits you.
* * * LOW HITPOINT WARNING * * *
You closely miss the bullfrog.
The bullfrog is almost dead.
The bullfrog hits you.
* * * LOW HITPOINT WARNING * * *
You barely miss the bullfrog.
The bullfrog is almost dead.
You feel sick.
You are no longer poisoned.
You block the bullfrog's attack. The bullfrog hits you.
You die...

### # ..# #. #.# .####.#
..##.###### #####
#.#..##...######
....######.#....(........
>...................?.#
.##.#####.......@F....+
.<# #.....#####.......#
###
+......รท.............
#E# #.............###.###
#####......###....# #
...........(####..#
...######...# #..# ...#
#...# #..# #### #####
#..#


You could see a bullfrog.

Vanquished Creatures
  An ice beast (D:2)
  A worker ant (D:3)
  3 adders (D:3)
  A worm (D:2)
  2 dart slugs (D:1)
  A leopard gecko (D:2)
  11 bats
  4 giant cockroaches
  7 goblins
  6 jackals (D:1)
  2 quokkas
  2 frilled lizards (D:1)
  4 kobolds
  6 rats
51 creatures vanquished.

Notes
Turn   | Place    | Note
-------+----------+-------------------------------------------
     0 | D:1      | AarnesTheHuman the Barachi Fighter began the quest for the
                  | Orb.
     0 | D:1      | Reached XP level 1. HP: 18/18 MP: 1/1
    40 | D:1      | Reached XP level 2. HP: 19/25 MP: 2/2
   506 | D:1      | Reached XP level 3. HP: 30/30 MP: 3/3
  1156 | D:2      | Found a faded altar of an unknown god.
  1161 | D:2      | Noticed an ice beast
  1194 | D:2      | Killed an ice beast
  1194 | D:2      | Reached XP level 4. HP: 22/38 MP: 4/4
  1194 | D:2      | Reached XP level 5. HP: 25/43 MP: 5/5
  1324 | D:2      | Found an iron altar of Okawaru.
  1325 | D:2      | Found a glowing silver altar of Zin.
  1521 | D:3      | Noticed a water elemental
  1522 | D:3      | Found a stormy altar of Qazlal.
  1524 | D:3      | Noticed an air elemental
  1524 | D:3      | Noticed a fire elemental
  1768 | D:3      | Slain by a bullfrog

Skill      XL: |  1  2  3  4  5 |
---------------+----------------+-----
Fighting       | 4 |  4.8
Armour         | 4 |  4.9
Long Blades    | 3 4 |  4.1
Shields        | 4 |  4.4

Action                   |  1- 3 |  4- 6 || total
-------------------------+-------+-------++-------
Melee: Long sword        |   122 |    64 ||   186
 Abil: Hop               |     1 |       ||     1
  Use: Potion            |     1 |       ||     1
  Eat: Chunk             |     2 |     2 ||     4
Armor: Scale mail        |    79 |    22 ||   101
Dodge: Dodged            |    60 |    18 ||    78
Block: Shield            |    79 |    35 ||   114
       Rpst.: Long sword |    22 |     6 ||    28
